 Dungeon Crawl Stone Soup version 0.28-a0-1616-g050a50673c (webtiles) character file.

Game seed: 5130948739274735112

156 fragbeetle the Chiller (level 5, 0/38 HPs)
             Began as a Merfolk Ice Elementalist on Jan 23, 2022.
             Was an Initiate of Gozag.
             Slain by Pikel (10 damage)
             ... on level 4 of the Dungeon.
             The game lasted 00:06:46 (3980 turns).

fragbeetle the Chiller (Merfolk Ice Elementalist)   Turns: 3980, Time: 00:06:47

Health: 0/38       AC:  8    Str: 10    XL:     5   Next: 37%
Magic:  0/8        EV: 13    Int: 23    God:    Gozag
Gold:   148        SH:  0    Dex: 14    Spells: 1/8 levels left

rFire   + . .      SeeInvis .   p - +1 dagger (freeze)
rCold   + . .      Faith    .   (no shield)
rNeg    . . .      Spirit   .   t - +0 leather armour "Qympafaq" {Int+8}
rPois   +          Reflect  .   (no helmet)
rElec   +          Harm     .   (no cloak)
rCorr   +          Rampage  .   (no gloves)
Will    .....                   (no boots)
Stlth   ++........              g - amulet of the acrobat
HPRegen 0.12/turn               k - ring of flight
MPRegen 0.11/turn               (no ring)

@: ice-armoured, resistant, freezing walls, flying
A: (nimble swimmer 2), mertail
a: Renounce Religion, Potion Petition, Call Merchant, Bribe Branch


You were on level 4 of the Dungeon.
You worshipped Gozag.
Gozag was aware of your devotion.
You visited 1 branch of the dungeon, and saw 4 of its levels.

You collected 187 gold pieces.
You paid 39 gold pieces to Gozag.

Inventory:

Hand Weapons
 p - a +1 dagger of freezing (weapon)
Missiles
 r - a throwing net
Armour
 i - a +1 chain mail of cold resistance
 t - the +0 leather armour "Qympafaq" (worn) {Int+8}
   (You found it on level 3 of the Dungeon)

   Int:       It affects your intelligence (+8).
Jewellery
 g - an amulet of the acrobat (around neck)
 k - a ring of flight (left hand)
Wands
 h - a wand of polymorph (9)
 q - a wand of flame (21)
Scrolls
 a - a scroll of noise {unknown}
 d - 2 scrolls of identify {unknown}
 e - 2 scrolls of teleportation {unknown}
 f - 2 scrolls of magic mapping {unknown}
 j - a scroll of amnesia {unknown}
 o - 3 scrolls of torment {unknown}
 s - a scroll of summoning {unknown}
Potions
 b - a potion of resistance
 m - a potion of heal wounds {unknown}
 n - a potion of ambrosia {unknown}


   Skills:
 + Level 2.1 Fighting
 + Level 4.1 Dodging
 + Level 3.3 Stealth
 - Level 2.0 Spellcasting
 * Level 5.6 Ice Magic


You had one spell level left.
You knew the following spells:

 Your Spells              Type           Power      Damage    Failure   Level
a - Freeze                Ice            100%       1d11      1%          1
b - Frozen Ramparts       Ice            56%        1d7       5%          3
c - Ozocubu's Armour      Ice            28%        N/A       5%          3

Your spell library contained the following spells:

 Spells                   Type           Power      Damage    Failure   Level
 Static Discharge         Conj/Air       2%         N/A       26%         2
 Hailstorm                Conj/Ice       15%        3d5       50%         4
 Lightning Bolt           Conj/Air       1%         1d12      99%         5
 Maxwell's Capacitive Co  Air            1%         ∞         100%        8


Dungeon Overview and Level Annotations

Branches:
Dungeon (4/15)
 Temple: D:4-7

Altars:
Gozag
Wu Jian

Shops:
D:1 *

Annotations:
D:4 Pikel


Innate Abilities, Weirdness & Mutations

((You are very nimble when in or above water. (Stealth+, EV+, Speed+++)))
Your lower body shifts to a powerful aquatic tail in water.


Message History

The frozen ramparts melt away as you move.
Pikel and a lemure come into view.
Pikel is wielding a +2 whip of electrocution.
Pikel shouts!
You hear a shout!
Casting: Frozen Ramparts (dangerous; 5% risk of failure)
Confirm with . or Enter, or press ? or * to list all spells.
Casting: Frozen Ramparts (dangerous; 5% risk of failure)
Press: ? - help, Dir - look around, f - activate The walls around you are covered in ice.
The wall freezes Pikel.
Pikel hits you with a +2 whip of electrocution!
Unknown command.
You closely miss Pikel.
Pikel is lightly wounded.
The wall freezes Pikel.
Pikel hits you with a +2 whip of electrocution.
Casting: Frozen Ramparts (dangerous; 5% risk of failure)
Confirm with . or Enter, or press ? or * to list all spells.
A film of ice covers your body!
The wall freezes Pikel.
Pikel hits you with a +2 whip of electrocution!
Unknown command.
The lemure shouts!
You hit Pikel but do no damage.
Pikel is lightly wounded.
The wall freezes the lemure.
The wall freezes Pikel.
Pikel hits you with a +2 whip of electrocution.
You are electrocuted!
* * * LOW HITPOINT WARNING * * *
Your icy armour and frozen ramparts will break if you move.
Continue?
Okay, then.
It was a potion of resistance.
You feel protected.
The wall freezes the lemure.
The wall freezes Pikel.
Pikel hits you with a +2 whip of electrocution.
* * * LOW HITPOINT WARNING * * *
It was a potion of curing.
You feel better.
The wall freezes the lemure.
The wall freezes Pikel.
Pikel hits you with a +2 whip of electrocution!
You die...
Your body crumbles into a pile of gold.

$ ## ...
..
##.######
#....<..#
#..##.#.#
#####.#.#
#.5K@.#.#
#.#####.#
#.55....#
#########


You could see Pikel and a lemure.

Vanquished Creatures
  A lemure (D:4)
  Jessica (D:3)
  Ijyb (D:3)
  Terence (D:2)
  An adder (D:3)
  A worm (D:2)
  6 dart slugs
  11 bats
  4 endoplasms
  5 goblins
  3 hobgoblins
  3 jackals (D:2)
  3 kobolds
  3 quokkas
  8 ball pythons
  5 frilled lizards
  7 rats
64 creatures vanquished.

Notes
Turn   | Place    | Note
-------+----------+-------------------------------------------
     0 | D:1      | fragbeetle the Merfolk Ice Elementalist began the quest for
                  | the Orb.
     0 | D:1      | Reached XP level 1. HP: 13/13 MP: 3/3
    29 | D:1      | Found a faded altar of an unknown god.
   130 | D:1      | Reached XP level 2. HP: 20/20 MP: 0/5
   186 | D:1      | Found Zeg Tyed's General Store.
   507 | D:1      | Reached skill level 1 in Fighting
   602 | D:1      | Reached XP level 3. HP: 10/26 MP: 6/6
   806 | D:1      | You fall into a shaft and drop 1 floor!
  1465 | D:2      | Reached skill level 5 in Ice Magic
  1720 | D:2      | Learned a level 3 spell: Frozen Ramparts
  1843 | D:2      | Noticed Terence
  1853 | D:2      | Killed Terence
  1854 | D:2      | Reached XP level 4. HP: 31/32 MP: 3/7
  2678 | D:3      | Learned a level 3 spell: Ozocubu's Armour
  2711 | D:3      | Noticed Jessica
  2827 | D:3      | Killed Jessica
  2828 | D:3      | Reached XP level 5. HP: 38/38 MP: 6/8
  2906 | D:3      | Noticed Ijyb
  2924 | D:3      | Killed Ijyb
  2946 | D:3      | Found an opulent altar of Gozag.
  2954 | D:3      | Became a worshipper of Gozag Ym Sagoz the Greedy
  3608 | D:3      | Identified the +0 leather armour "Qympafaq" {Int+8}
  3715 | D:3      | Found an ornate altar of the Wu Jian Council.
  3896 | D:4      | Noticed an ogre
  3961 | D:4      | Noticed a lemure
  3961 | D:4      | Noticed a lemure
  3961 | D:4      | Noticed a lemure
  3971 | D:4      | Killed a lemure
  3973 | D:4      | Noticed Pikel
  3973 | D:4      | Noticed a lemure
  3979 | D:4      | HP: 1/38 [Pikel (5)]
  3980 | D:4      | Slain by Pikel

Illustrated notes

Levels and vault maps discovered:
D:1:      evilmike_arrival_rings, layout_rooms, basic_ecumenical_altar,
          serial_shops, shop
D:2:      layout_loops_cross, uniq_terence
D:3:      layout_basic, grunt_gozag_statues, nzn_wu_jian_contemplation,
          uniq_ijyb, uniq_jessica
D:4:      layout_basic, kennysheep_mini, serial_shops, shop, uniq_eustachio,
          uniq_pikel, uniq_sigmund

Skill      XL: |  1  2  3  4  5 |
---------------+----------------+-----
Dodging        | 3 4 |  4.1
Fighting       | 1 2 |  2.1
Ice Magic      | 5 |  5.6
Stealth        | 3 |  3.3
Spellcasting   | |  2.0

Action                   |  1- 3 |  4- 6 || total
-------------------------+-------+-------++-------
Melee: Unarmed           |     5 |       ||     5
       Short sword       |    82 |    33 ||   115
       Punch             |       |     1 ||     1
       Dagger            |       |    20 ||    20
 Cast: Freeze            |    33 |    24 ||    57
       Frozen Ramparts   |     1 |     3 ||     4
       Ozocubu's Armour  |       |     1 ||     1
  Use: Potion            |       |     2 ||     2
 Stab: Sleeping          |     4 |     4 ||     8
Armor: Robe              |    25 |     3 ||    28
       Skin              |     3 |       ||     3
Dodge: Dodged            |    95 |    48 ||   143

Table legend: (Time is in decaauts)
 A = Elapsed time spent in this place.
 B = Non-inter-level travel time spent in this place.
 C = Inter-level travel time spent in this place.
 D = Time resting spent in this place.
 E = Time spent auto-exploring this place.
 F = Levels seen in this place.
 G = Mean time per level.
                   A        B        C        D        E       F      G
               +--------+--------+--------+--------+--------+-----+--------+
         Total |   3990 |   3900 |     90 |    700 |   2500 |   4 |  997.5 |
       Dungeon |   3990 |   3900 |     90 |    700 |   2500 |   4 |  997.5 |
               +--------+--------+--------+--------+--------+-----+--------+

Top non-repeatable levels by time:
     D:1: 1356 daAuts
     D:3: 1292 daAuts
     D:2: 1276 daAuts
     D:4: 66 daAuts
